 Dungeon Crawl Stone Soup version 0.27-a0-1202-ge72e49191c (webtiles) character file.

Game seed: 1337592218113318962

6710 Gobbopathe the Spear-Bearer (level 10, -7/98 HPs)
             Began as a Demonspawn Chaos Knight on June 4, 2021.
             Was a Plaything of Xom.
             Mangled by a hornet (11 damage)
             ... on level 8 of the Dungeon.
             The game lasted 00:43:12 (9655 turns).

Gobbopathe the Spear-Bearer (DsCK)                  Turns: 9655, Time: 00:43:13

Health: -7/98      AC: 11    Str: 15    XL:     10   Next: 74%
Magic:  24/24      EV: 14    Int: 25    God:    Xom [......]
Gold:   763        SH:  5    Dex: 16    Spells: 6/16 levels left

rFire    + . .     SeeInvis .   J - +4 halberd (chaos)
rCold    . . .     Faith    .   (shield currently unavailable)
rNeg     . . .     Spirit   .   b - +2 leather armour
rPois    +         Reflect  +   (helmet restricted)
rElec    .         Harm     .   P - +0 cloak
rCorr    .         Rampage  .   e - +1 pair of gloves
Will     .....                  N - +0 pair of boots
Stlth    +.........             k - amulet of reflection
HPRegen  0.26/turn              h - ring of magical power
MPRegen  0.19/turn              Q - +6 ring of intelligence

@: no status effects
A: antennae 2, yellow scales 1, demonic magic 1, beak, hooves 1, agile 2, clever
1, fire resistance 1, poison resistance, robust 2, strong 1, sturdy frame 1
a: Renounce Religion


You were on level 8 of the Dungeon.
You worshipped Xom.
You were a very special plaything of Xom.
You visited 1 branch of the dungeon, and saw 8 of its levels.
You also visited: Sewer and Ossuary.

You collected 763 gold pieces.

Inventory:

Hand Weapons
 a - a +0 falchion of chaos
 y - a +0 long sword
 J - a +4 halberd of chaos (weapon)
Missiles
 g - 2 throwing nets
 o - 11 boomerangs (quivered)
 M - 2 curare-tipped darts
 R - 7 poisoned darts
Armour
 b - a +2 leather armour (worn)
 e - a +1 pair of gloves (worn)
 m - a +0 plate armour
 K - a +0 buckler
 N - a +0 pair of boots (worn)
 P - a +0 cloak (worn)
Magical Staves
 H - a staff of air
Jewellery
 h - a ring of magical power (left hand)
 k - an amulet of reflection (around neck)
 l - an amulet of faith
 n - a ring of magical power
 Q - a +6 ring of intelligence (right hand)
 S - a ring of ice
 U - a ring of fire
Wands
 t - a wand of iceblast (11)
 E - a wand of polymorph (7)
 G - a wand of acid (9)
Scrolls
 c - a scroll of magic mapping {unknown}
 d - 3 scrolls of enchant armour {unknown}
 f - 12 scrolls of identify {unknown}
 j - 3 scrolls of immolation {unknown}
 p - 2 scrolls of enchant weapon {unknown}
 q - 4 scrolls of fog {unknown}
 r - 4 scrolls of blinking {unknown}
 s - 2 scrolls of fear {unknown}
 D - 6 scrolls of amnesia {unknown}
 O - 3 scrolls of vulnerability {unknown}
 W - a scroll of silence {unknown}
Potions
 u - 2 potions of haste {unknown}
 v - a potion of magic {unknown}
 w - 3 potions of heal wounds {unknown}
 x - a potion of might {unknown}
 A - a potion of invisibility {unknown}
 B - 3 potions of attraction {unknown}
 C - 2 potions of mutation {unknown}
 F - a potion of berserk rage {unknown}
 I - 2 potions of flight {unknown}
 L - 3 potions of lignification {unknown}
 T - 3 potions of cancellation {unknown}
 V - a potion of resistance {unknown}
 X - a potion of ambrosia {unknown}


   Skills:
 - Level 8.6 Fighting
 - Level 7.1 Long Blades
 * Level 9.5 Polearms
 - Level 1.7 Armour
 - Level 5.6 Dodging
 + Level 3.5 Spellcasting
 * Level 6.4 Necromancy
 - Level 2.0 Translocations


You had 6 spell levels left.
You knew the following spells:

 Your Spells              Type           Power      Damage    Failure   Level
a - Pain                  Necr           100%       1d9       1%          1
b - Agony                 Necr           36%        N/A       19%         5
c - Vampiric Draining     Necr           18%        2d8       1%          3
d - Apportation           Tloc           28%        N/A       4%          1

Your spell library contained the following spells:

 Spells                   Type           Power      Damage    Failure   Level
 Animate Skeleton         Necr           72%        N/A       1%          1
 Animate Dead             Necr           18%        N/A       7%          4
 Summon Small Mammal      Summ           16%        N/A       10%         1
 Lesser Beckoning         Tloc           7%         N/A       13%         3
 Call Imp                 Summ           4%         N/A       16%         2
 Call Canine Familiar     Summ           4%         N/A       30%         3
 Summon Guardian Golem    Hex/Summ       4%         N/A       30%         3
 Tukima's Dance           Hex            4%         N/A       30%         3
 Summon Ice Beast         Ice/Summ       4%         N/A       69%         4
 Summon Lightning Spire   Summ/Air       4%         N/A       69%         4
 Alistair's Intoxication  Tmut/Pois      2%         N/A       95%         5
 Invisibility             Hex            4%         N/A       100%        6


Dungeon Overview and Level Annotations

Branches:
Dungeon (8/15)             Temple (0/1) D:6           Sewer (visited)
Ossuary (visited)
   Lair: D:8-11

Altars:
Kikubaaqudgha
Xom

Shops:
D:6 (


Innate Abilities, Weirdness & Mutations

You have a pair of antennae on your head.
You are partially covered in yellow scales. (AC +2)
Spells you cast may paralyse adjacent enemies.
You have a beak for a mouth.
You have large cloven feet.
You are very agile. (Dex +4)
Your mind is acute. (Int +2)
Your flesh is heat resistant. (rF+)
Your system is resistant to poisons. (rPois)
You are very robust. (+20% HP)
Your muscles are strong. (Str +2)
Your movements are slightly less encumbered by armour. (ER -2)


Message History

The hornet stings you!
* * * LOW HITPOINT WARNING * * *
You block the killer bee's attack. The hornet stings you!
* * * LOW HITPOINT WARNING * * *
The killer bee stings you but does no damage.
You closely miss the hornet. You peck the hornet, but do no damage.
The hornet is heavily wounded.
The killer bee closely misses you.
The hornet stings you but does no damage.
The killer bee closely misses you.
You feel better. The hornet stings you!
* * * LOW HITPOINT WARNING * * *
The killer bee completely misses you.
The hornet stings you but does no damage.
You block the killer bee's attack.
You feel better. You block the killer bee's attack.
You block the hornet's attack. The killer bee stings you.
* * * LOW HITPOINT WARNING * * *
You completely miss the hornet.
The hornet is heavily wounded.
The hornet closely misses you. The killer bee stings you.
* * * LOW HITPOINT WARNING * * *
The hornet stings you.
* * * LOW HITPOINT WARNING * * *
You block the killer bee's attack.
You feel better. The killer bee closely misses you.
The hornet barely misses you. The killer bee misses you.
You puncture the hornet!
The hornet easily resists.
The hornet is almost dead.
The hornet stings you!
* * * LOW HITPOINT WARNING * * *
You block the killer bee's attack. The hornet misses you.
The killer bee closely misses you.
Unknown command.
You miss the hornet.
The hornet is almost dead.
The killer bee stings you.
* * * LOW HITPOINT WARNING * * *
The hornet stings you!
You die...

#########
#@y......
#†y......
#........
#........
#........
#........
#†.....[.
#........
........(


You could see a hornet and a killer bee.

Vanquished Creatures
  Psyche (D:8)
  An unseen horror (D:7)
  A hornet (D:7)
  Sigmund (D:6)
  Eustachio (D:6)
  A yak (D:8)
  An acid dragon (D:8)
  4 water moccasins
  A black bear (D:8)
  2 sky beasts
  An ice beast (D:6)
  3 ogres
  A necrophage (D:6)
  2 centaurs
  3 phantoms
  A kobold brigand (D:7)
  2 wyvern zombies (Ossuary)
  6 bullfrogs
  4 scorpions
  3 elf skeletons (D:7)
  4 water moccasin zombies (Ossuary)
  A water moccasin skeleton (D:5)
  3 killer bees (D:8)
  2 howler monkeys (D:8)
  5 centaur zombies (Ossuary)
  3 jellies
  7 bullfrog zombies (Ossuary)
  2 hounds (D:7)
  A centaur skeleton (D:7)
  2 orc priests (D:6)
  Terence (D:2)
  3 iguanas (D:6)
  5 orc wizards
  A human skeleton (D:7)
  2 killer bee zombies (Ossuary)
  4 howler monkey zombies
  10 mummies (Ossuary)
  4 gnolls
  2 howler monkey skeletons
  8 adders
  2 river rats (Sewer)
  A shadow imp (D:4)
  3 white imps
  2 ufetubi (D:4)
  2 adder skeletons (D:4)
  An adder zombie (D:5)
  3 worms
  4 dart slugs
  9 orcs
  18 ball pythons
  7 endoplasms
  8 giant cockroaches
  2 goblins
  9 hobgoblins
  4 jackals (D:4)
  6 quokkas
  5 bats
  2 frilled lizards
  11 kobolds
  2 orc skeletons (D:7)
  26 rats
237 creatures vanquished.

Vanquished Creatures (others)
  An ugly thing (D:7)
  3 withered plants (Ossuary)
4 creatures vanquished.

Grand Total: 241 creatures vanquished

Notes
Turn   | Place    | Note
-------+----------+-------------------------------------------
     0 | D:1      | Gobbopathe the Demonspawn Chaos Knight began the quest for
                  | the Orb.
     0 | D:1      | Reached XP level 1. HP: 18/18 MP: 1/1
   259 | D:1      | Gained mutation: You have a pair of small antennae on your
                  | head. [demonic ancestry]
   259 | D:1      | Reached XP level 2. HP: 20/24 MP: 2/2
   443 | D:1      | Found a faded altar of an unknown god.
   455 | D:1      | XOM: divination: detect creatures
   630 | D:1      | XOM: silly message
  1135 | D:2      | XOM: divination: magic mapping
  1139 | D:2      | XOM: silly message
  1351 | D:2      | Gained mutation: You are partially covered in yellow
                  | scales. (AC +2) [demonic ancestry]
  1351 | D:2      | Reached XP level 3. HP: 29/29 MP: 3/3
  1374 | D:2      | Noticed Terence
  1395 | D:2      | Killed Terence
  1491 | D:2      | XOM: divination: magic mapping
  1530 | D:2      | XOM: scenery: create altars
  1723 | D:2      | XOM: god gift: plate armour {god gift}
  1945 | D:3      | XOM: scenery: summon butterflies
  2083 | D:3      | Reached XP level 4. HP: 37/37 MP: 4/4
  2190 | D:3      | Found a glowing drain.
  2213 | Sewer    | Entered a sewer
  2300 | Sewer    | XOM: god gift: 8 gold pieces
  2352 | Sewer    | XOM: polymorph rat -> hobgoblin
  2574 | Sewer    | XOM: confuse monster(s)
  2621 | Sewer    | Reached XP level 5. HP: 25/42 MP: 5/5
  3086 | Sewer    | Reached skill level 5 in Long Blades
  3179 | Sewer    | Gained mutation: Spells you cast may paralyse adjacent
                  | enemies. [demonic ancestry]
  3179 | Sewer    | Reached XP level 6. HP: 49/49 MP: 6/6
  3627 | D:4      | XOM: give mutations
  3627 | D:4      | Gained mutation: You have a beak for a mouth. [Xom's grace]
  3627 | D:4      | Gained mutation: You are agile. (Dex +2) [Xom's grace]
  3901 | D:4      | XOM: 7-stop teleportation journey
  3965 | D:4      | Found an ancient bone altar of Kikubaaqudgha.
  3966 | D:4      | XOM: scenery: create altars
  3970 | D:4      | XOM: divination: detect creatures
  3981 | D:4      | Reached skill level 5 in Fighting
  4092 | D:4      | XOM: summons friendly shadow imp
  4176 | D:4      | XOM: give mutations
  4176 | D:4      | Gained mutation: Your mind is acute. (Int +2) [Xom's grace]
  4176 | D:4      | Gained mutation: Your flesh is heat resistant. (rF+) [Xom's
                  | grace]
  4218 | D:4      | XOM: scenery: create altars
  4227 | D:4      | Reached XP level 7. HP: 55/56 MP: 7/7
  4330 | D:4      | XOM: smoke on damage
  4334 | D:4      | XOM: cloud trail
  4414 | D:4      | XOM: give mutations
  4414 | D:4      | Gained mutation: Your system is resistant to poisons.
                  | (rPois) [Xom's grace]
  4414 | D:4      | Gained mutation: You are robust. (+10% HP) [Xom's grace]
  4414 | D:4      | Gained mutation: You are very robust. (+20% HP) [Xom's
                  | grace]
  4683 | D:4      | XOM: scenery: 1 doors open, 1 doors close
  4902 | D:5      | Entered Level 5 of the Dungeon
  4903 | D:5      | XOM: god gift: 11 gold pieces
  5049 | D:5      | XOM: 3-stop teleportation journey
  5099 | D:5      | XOM: divination: detect items
  5301 | D:5      | Learned a level 1 spell: Pain
  5307 | D:5      | Learned a level 5 spell: Agony
  5358 | D:5      | XOM: divination: magic mapping
  5407 | D:5      | XOM: cast spell 'Olgreb's Toxic Radiance'
  5410 | D:5      | XOM: noise
  5418 | D:5      | Reached skill level 1 in Necromancy
  5439 | D:5      | XOM: chaos upgrade
  5728 | D:5      | XOM: summons 2 hostile demons
  5729 | D:5      | Noticed a ynoxinul
  5773 | D:5      | XOM: stat loss: -1 Int (17/18)
  5836 | D:5      | XOM: noise
  6220 | D:5      | XOM: noise
  6404 | D:6      | Found Judd's Weapon Shoppe.
  6404 | D:6      | Noticed Sigmund
  6466 | D:6      | Reached skill level 1 in Spellcasting
  6466 | D:6      | Gained mutation: You have a pair of antennae on your head.
                  | [demonic ancestry]
  6466 | D:6      | Reached XP level 8. HP: 60/76 MP: 9/9
  6471 | D:6      | XOM: silly message
  6570 | D:6      | Learned a level 3 spell: Vampiric Draining
  6586 | D:6      | Reached skill level 1 in Polearms
  6605 | D:6      | Found a staircase to the Ecumenical Temple.
  6663 | D:6      | XOM: potion effect (invisibility)
  6664 | D:6      | XOM: potion effect (experience)
  6664 | D:6      | Reached skill level 8 in Polearms
  6664 | D:6      | Reached skill level 5 in Dodging
  6664 | D:6      | Reached XP level 9. HP: 90/90 MP: 10/10
  6665 | D:6      | XOM: divination: detect items
  6671 | D:6      | XOM: smoke on damage
  6783 | D:6      | XOM: potion effect (haste)
  6900 | D:6      | Noticed Eustachio
  6906 | D:6      | XOM: potion effect (invisibility)
  6913 | D:6      | Killed Eustachio
  7027 | D:6      | Killed Sigmund
  7233 | D:6      | XOM: cloud trail
  7363 | D:6      | XOM: give mutations
  7363 | D:6      | Gained mutation: Your movements are slightly less
                  | encumbered by armour. (ER -2) [Xom's grace]
  7363 | D:6      | Gained mutation: You have large cloven feet. [Xom's grace]
  7363 | D:6      | Gained mutation: Your muscles are strong. (Str +2) [Xom's
                  | grace]
  7367 | D:6      | Learned a level 1 spell: Apportation
  7893 | D:7      | Identified the +1 ring mail of Winiako {Harm Rampage SInv}
  7954 | D:7      | XOM: summons friendly crimson imp
  7958 | D:7      | XOM: swap monsters
  7983 | D:7      | Paralysed by a hornet for 2 turns
  7987 | D:7      | Reached skill level 5 in Necromancy
  7987 | D:7      | Reached skill level 1 in Translocations
  7987 | D:7      | Reached XP level 10. HP: 72/98 MP: 14/14
  7999 | D:7      | Reached skill level 9 in Polearms
  8141 | D:7      | Noticed a cyan ugly thing
  8141 | D:7      | Noticed a brown ugly thing
  8141 | D:7      | XOM: enchant monster (bad)
  8152 | D:7      | XOM: enchant monster (good)
  8156 | D:7      | Noticed a boulder beetle
  8157 | D:7      | XOM: enchant monster (bad)
  8285 | D:7      | Found a sand-covered staircase.
  8294 | Ossuary  | Entered an ossuary
  8772 | D:7      | XOM: 3-stop teleportation journey
  8806 | D:7      | XOM: give mutation
  8806 | D:7      | Gained mutation: You are very agile. (Dex +4) [Xom's grace]
  9005 | D:8      | Noticed Psyche
  9007 | D:8      | Paralysed by Psyche for 4 turns
  9027 | D:8      | Killed Psyche
  9271 | D:8      | XOM: torment (38/98 hp)
  9627 | D:8      | XOM: 8-stop teleportation journey
  9655 | D:8      | HP: 4/98 [killer bee (3)]
  9655 | D:8      | Mangled by a hornet

Illustrated notes

Levels and vault maps discovered:
D:1:      onia_arrival_pyramid, layout_basic, basic_ecumenical_altar,
          nrook_loot_triangle
D:2:      layout_basic, uniq_terence
D:3:      layout_rooms, portal_sewer_entry_f
D:4:      minmay_polygon_palace, layout_loops_ring,
          nicolae_kikubaaqudgha_miasma_corner
D:5:      layout_basic
D:6:      layout_cave_pods, minmay_temple_entry_statues_pillars, serial_shops,
          shop, minmay_chambers_of_fives, uniq_sigmund, uniq_eustachio
D:7:      minmay_chambers_of_sevens, layout_basic,
          nicolae_ossuary_entry_catacombs, chequers_serial_rivers_large_b
D:8:      layout_basic, uniq_psyche

Skill      XL: |  1  2  3  4  5  6  7  8  9 10 |
---------------+-------------------------------+-----
Long Blades    | 3 4 5 6 7 |  7.1
Fighting       | 4 5 8 |  8.6
Necromancy     | 2 5 6 |  6.4
Spellcasting   | 1 2 3 |  3.5
Polearms       | 8 9 |  9.5
Dodging        | 5 |  5.6
Translocations | 1 2 |  2.0
Armour         | |  1.7

Action                   |  1- 3 |  4- 6 |  7- 9 | 10-12 || total
-------------------------+-------+-------+-------+-------++-------
Melee: Falchion          |   106 |   268 |   136 |       ||   510
       Peck              |       |    12 |    50 |    47 ||   109
       Halberd           |       |       |   155 |   251 ||   406
       Kick              |       |       |     3 |       ||     3
Throw: Boomerang         |       |     4 |    26 |     8 ||    38
       Throwing net      |       |       |     2 |       ||     2
  Use: Scroll            |       |     1 |       |     2 ||     3
       Potion            |       |       |       |     4 ||     4
 Stab: Sleeping          |       |     2 |     3 |     2 ||     7
       Paralysed         |       |       |     3 |       ||     3
       Invisible         |       |       |     8 |       ||     8
       Confused          |       |       |     1 |       ||     1
       Petrifying        |       |       |       |     3 ||     3
       Distracted        |       |       |       |     1 ||     1
Armor: Leather armour    |    40 |   125 |   103 |    73 ||   341
Dodge: Dodged            |    59 |   173 |   159 |   125 ||   516
Block: Other             |     7 |    80 |    58 |    59 ||   204
       Reflection        |       |       |     1 |       ||     1
       Rpst.: Falchion   |    18 |    44 |    10 |       ||    72

Table legend: (Time is in decaauts)
 A = Elapsed time spent in this place.
 B = Non-inter-level travel time spent in this place.
 C = Inter-level travel time spent in this place.
 D = Time resting spent in this place.
 E = Time spent auto-exploring this place.
 F = Levels seen in this place.
 G = Mean time per level.
                   A        B        C        D        E       F      G
               +--------+--------+--------+--------+--------+-----+--------+
         Total |   9848 |   9574 |    274 |   2164 |   4740 |  10 |  984.8 |
       Dungeon |   8299 |   8025 |    274 |   1653 |   4608 |   8 | 1037.4 |
         Sewer |   1118 |   1118 |      0 |    495 |     75 |   1 | 1118.0 |
       Ossuary |    430 |    430 |      0 |     16 |     56 |   1 |  430.0 |
               +--------+--------+--------+--------+--------+-----+--------+

Top non-repeatable levels by time:
     D:4: 1614 daAuts
     D:5: 1346 daAuts
     D:6: 1189 daAuts
   Sewer: 1118 daAuts
     D:2: 1103 daAuts
     D:7: 849 daAuts
     D:1: 843 daAuts
     D:8: 807 daAuts
     D:3: 544 daAuts
 Ossuary: 430 daAuts
